 Dungeon Crawl Stone Soup version bcrawl-1.15.1 (webtiles) character file.

Game seed: 14645619685925037318

69 Chiseanne the Ducker (level 4, 25/33 HPs)
             Began as a Demonspawn Archaeologist on Sept 27, 2019.
             Quit the game on level 2 of the Dungeon.
             The game lasted 00:02:50 (1588 turns).

Chiseanne the Ducker (Demonspawn Archaeologist)     Turns: 1588, Time: 00:02:51

Health: 25/33      AC:  6    Str: 11    XL:     4   Next: 2%
Magic:  4/4        EV: 13    Int: 16    God:
Gold:   129        SH:  0    Dex: 12    Spells: 3/3 levels left

rFire    . . .     SeeInvis .   p - +1 short sword
rCold    + . .     Gourm    .   (no shield)
rNeg     . . .     Faith    .   b - +1 robe
rPois    .         Spirit   .   c - +1 hat
rElec    .         Reflect  .   (no cloak)
rCorr    .         Harm     .   (no gloves)
MR       +....                  d - +1 pair of boots
Stlth    ++........             (no amulet)
HPRegen  0.11/turn              l - ring of protection from cold
MPRegen  0.09/turn              q - ring of protection from magic

@: studying Armour
A: antennae 1, powered by pain 1, sanguine armour 1
a: no special abilities


You were on level 2 of the Dungeon.
You were not hungry.

You visited 1 branch of the dungeon, and saw 2 of its levels.

You collected 129 gold pieces.

Inventory:

Hand Weapons
 n - a cursed -2 hunting sling
 p - a +1 short sword (weapon)
Missiles
 h - 471 stones (quivered)
Armour
 b - a +1 robe (worn)
 c - a +1 hat (worn)
 d - a +1 pair of boots (worn)
Jewellery
 l - a ring of protection from cold (left hand)
 q - a ring of protection from magic (right hand)
Wands
 r - a wand of paralysis (10)
Scrolls
 m - a scroll of amnesia
 o - a scroll of remove curse
Potions
 i - a potion of magic {unknown}
 j - a potion of might
 k - a potion of curing
Books
 e - a manual of Armour
Miscellaneous
 f - an ancient crate
Comestibles
 a - 5 chunks of flesh
 g - 7 rations {!d}


   Skills:
 - Level 2.2 Fighting
   Level 0.8 Maces & Flails
 + Level 3.0 Armour
 - Level 3.3 Dodging
 - Level 3.0 Stealth


You had 3 spell levels left.
You didn't know any spells.
Your spell library was empty.

Dungeon Overview and Level Annotations

Branches:
Dungeon (2/12)

Altars:


Innate Abilities, Weirdness & Mutations

You have a pair of small antennae on your head.
You sometimes gain a little power by taking damage.
When seriously injured, your bleeding wounds create armour. (AC +0)


Message History

The slug dart misses you.
You hit the dart slug.
The dart slug is severely wounded.
The kobold hits you but does no damage. The dart slug launches a dart at you.
The slug dart hits you!
You hit the dart slug but do no damage.
The dart slug is severely wounded.
The kobold hits you but does no damage. The kobold barely misses you.
You hit the dart slug.
You kill the dart slug!
Your Armour skill increases to level 3!
You have reached level 4!
You feel clever.
Your demonic ancestry asserts itself...
A pair of antennae grows on your head! The kobold hits you with a +0 dagger.
You hit the kobold.
The kobold is severely wounded.
The kobold hits you but does no damage.
Are you sure you want to abandon this character and quit the game? (Confirm with "yes".)

#.# #. #.# #. #.#
#. #.# #. #.# #.
#.# ####.##.#####
##...K.#.....##
#.....@.......#
#...............#
#$......!.......#
#...............#
#...............#
#..........?....#
#...............#
##.............#


You could see a kobold.

Vanquished Creatures
  A worker ant (D:2)
  A worm (D:1)
  3 dart slugs (D:2)
  2 leopard geckos (D:1)
  3 giant cockroaches (D:1)
  3 goblins
  3 hobgoblins (D:1)
  4 jackals
  6 kobolds
  3 bats (D:1)
  4 rats
33 creatures vanquished.

Notes
Turn   | Place    | Note
-------+----------+-------------------------------------------
     0 | D:1      | Chiseanne the Demonspawn Archaeologist began the quest for
                  | the Orb.
     0 | D:1      | Reached XP level 1. HP: 15/15 MP: 1/1
   295 | D:1      | Gained mutation: You sometimes gain a little power by
                  | taking damage. [demonic ancestry]
   295 | D:1      | Reached XP level 2. HP: 18/21 MP: 2/2
  1118 | D:1      | Gained mutation: When seriously injured, your bleeding
                  | wounds create armour. (AC +0) [demonic ancestry]
  1118 | D:1      | Reached XP level 3. HP: 27/27 MP: 3/3
  1586 | D:2      | Gained mutation: You have a pair of small antennae on your
                  | head. [demonic ancestry]
  1586 | D:2      | Reached XP level 4. HP: 26/33 MP: 4/4
  1588 | D:2      | Quit the game

Skill      XL: |  1  2  3 |
---------------+----------+-----
Dodging        | 3 |  3.3
Fighting       | 2 |  2.2
Armour         | 3 |  3.0
Maces & Flails | |  0.8
Stealth        | |  3.0

Action                   |  1- 3 |  4- 6 || total
-------------------------+-------+-------++-------
Melee: Whip              |    94 |       ||    94
       Short sword       |    57 |     1 ||    58
  Use: Scroll            |     7 |       ||     7
       Potion            |     1 |       ||     1
 Stab: Sleeping          |     6 |       ||     6
  Eat: Chunk             |     2 |       ||     2
Armor: Robe              |    58 |     1 ||    59
Dodge: Dodged            |   131 |       ||   131
